AoeStats
← ZealoT

Arabia

510701057Analyzed
1v1 RM · 1d ago on Oct 2, 2026· 21m 34s· 2 players
Game mode
Random Map
Map size
Tiny (2 player)
Population
200
Speed
Normal
Resources
Standard
Victory
Conquest
Starting age
Dark Age
Ending age
Imperial Age
RankedLock teamsTeams togetherTeam positionsShared explorationLock speedFull tech treeHidden civsTurbo modeCheats
Victory
Defeat
🇬🇹 Italians · Guatemala
1965
+7
🇦🇷 Inca · Argentina
1744
-7
qeozouwajqnl
6:46 Loom
9:05 Feudal Age
10:02 Double-Bit Axe
9:58 Horse Collar
9:43 Champi Runner
15:30 Scale Mail Armor
21:14 Castle Age
19:44 Gold Mining
20:55 Forging
21:28 Champi Warrior
ZealoT
6:37 Loom
8:48 Feudal Age
9:28 Double-Bit Axe
12:28 Fletching
19:59 Castle Age
18:05 Horse Collar
19:24 Padded Archer Armor
19:16 Gold Mining
20:03 Crossbowman
20:38 Bodkin Arrow
Connection lost

Rejoining the realm…

Still unreachable

The connection could not be restored.

Session expired

The server has moved on; the page needs a fresh start.